 Dungeon Crawl Stone Soup version 0.30.1-11-g7821555f0a (webtiles) character file.

Game seed: 5908603172591063797

1 BiteMe the Firebug (level 1, -4/13 HPs)
             Began as a Demonspawn Fire Elementalist on Dec 27, 2023.
             Slain by a hobgoblin
             ... wielding a staff of fire
              (7 damage)
             ... on level 1 of the Dungeon.
             The game lasted 00:01:33 (134 turns).

BiteMe the Firebug (Demonspawn Fire Elementalist)    Turns: 134, Time: 00:01:33

Health: -4/13      AC:  2    Str:  8    XL:     1   Next: 16%
Magic:  1/3        EV: 12    Int: 16    God:
Gold:   0          SH:  0    Dex: 13    Spells: 3/4 levels left

rFire   . . .        f - +0 club
rCold   . . .        (no shield)
rNeg    . . .        a - +0 robe
rPois   .            (no helmet)
rElec   .            (no cloak)
rCorr   .            (no gloves)
SInv    .            (no boots)
Will    .....        (no amulet)
Stlth   ++           (no ring)
HPRegen 0.22/turn    (no ring)
MPRegen 0.08/turn

%: no passive effects
@: no status effects
A: no striking features
a: no special abilities


You were on level 1 of the Dungeon.
You visited 1 branch of the dungeon, and saw 1 of its levels.

Inventory:

Hand Weapons
 f - a +0 club (weapon)
Armour
 a - a +0 robe (worn)
 c - a +0 chain mail
Scrolls
 d - a scroll of identify {unknown}
 e - a scroll of enchant armour {unknown}
Potions
 b - a potion of magic


   Skills:
 + Level 1.7 Dodging
 * Level 1.8 Stealth
 + Level 2.0 Spellcasting
 * Level 1.0 Conjurations
 + Level 2.7 Fire Magic


You had 3 spell levels left.
You knew the following spells:

 Your Spells              Type           Power      Damage    Failure   Level
a - Foxfire               Conj/Fire      28%        2x1d5     10%         1

Your spell library contained the following spells:

 Spells                   Type           Power      Damage    Failure   Level
 Scorch                   Fire           20%        2d6       11%         2
 Inner Flame              Hex/Fire       5%         N/A       34%         3
 Volatile Blastmotes      Fire/Tloc      10%        2d10      34%         3
 Flame Wave               Conj/Fire      7%         2d5       67%         4


Dungeon Overview and Level Annotations

Branches:
Dungeon (1/15)

Altars:


Message History

You kill the goblin!
You start resting.
Magic restored.
You start waiting.
A hobgoblin comes into view. It is wielding a staff of fire.
Casting: Foxfire (safe; 10% risk of failure)
Press: ? - help, Q - select action Dir - look around, f - activate You conjure some foxfire!
The foxfire hits the hobgoblin but does no damage. x2
Casting: Foxfire (safe; 10% risk of failure)
Press: ? - help, Q - select action Dir - look around, f - activate You conjure some foxfire!
The foxfire hits the hobgoblin but does no damage. x2
Casting: Foxfire (safe; 10% risk of failure)
Press: ? - help, Q - select action Dir - look around, f - activate You conjure some foxfire!
The foxfire hits the hobgoblin.
The hobgoblin resists.
The hobgoblin is heavily wounded.
The foxfire hits the hobgoblin but does no damage.
The hobgoblin is heavily wounded.
Things that are here:
a +0 club; a goblin corpse
f - a +0 club
f - a +0 club (weapon)
You barely miss the hobgoblin.
The hobgoblin is heavily wounded.
The hobgoblin closely misses you.
You hit the hobgoblin.
The hobgoblin is severely wounded.
The hobgoblin closely misses you.
The hobgoblin hits you with a staff of fire.
You barely miss the hobgoblin.
The hobgoblin is heavily wounded.
The hobgoblin hits you with a staff of fire.
* * * LOW HITPOINT WARNING * * *
You hit the hobgoblin but do no damage.
The hobgoblin is heavily wounded.
The hobgoblin hits you with a staff of fire!
Ouch! That really hurt!
You die...

#.# #.# #.# #.#
#.# ###.# #...#
#.#g# #.#@#
#.#...# ...
#.###.# ... .#
###.# ...
..#..###.#.# ##.
..#..##.#..# #
#.....#.###.##
.....#### ##.#
###.....##.###.##


You could see a hobgoblin.

Vanquished Creatures
  A goblin (D:1)
1 creature vanquished.

Vanquished Creatures (others)
  8 foxfires (D:1)
8 creatures vanquished.

Grand Total: 9 creatures vanquished

Notes
Turn   | Place    | Note
-------+----------+-------------------------------------------
     0 | D:1      | BiteMe the Demonspawn Fire Elementalist began the quest for
                  | the Orb.
     0 | D:1      | Reached XP level 1. HP: 13/13 MP: 3/3
   134 | D:1      | Slain by a hobgoblin

Illustrated notes

Levels and vault maps discovered:
D:1:      minmay_arrival_loop, layout_loops_ring, hangedman_abyss_or_decor_stabs

Action                     || total
---------------------------++-------
  Melee: Club              ||     4
   Cast: Foxfire           ||     5
  Dodge: Dodged            ||     2
